 Dungeon Crawl Stone Soup version 0.17-a0-1567-gdd419b1 (console) character file.

74 Illaniel the Charmwright (level 4, -1/30 HPs)
             Began as a High Elf Skald on July 22, 2015.
             Slain by an adder (4 damage)
             ... on level 3 of the Dungeon.
             The game lasted 00:04:56 (834 turns).

Illaniel the Charmwright (High Elf Skald)            Turns: 834, Time: 00:04:57

Health: -1/30      AC:  4    Str: 12      XL:     4   Next: 10%
Magic:  1/8        EV: 11    Int: 16      God:
Gold:   32         SH:  0    Dex: 10 (14) Spells: 3 memorised, 2 levels left

rFire  . . .     SeeInvis .     a - +0 falchion
rCold  . . .     Clarity  .     b - +0 leather armour
rNeg   . . .     SustAt   .     (no shield)
rPois  .         Gourm    .     (no helmet)
rElec  .         Spirit   .     j - +0 cloak
rCorr  .         Warding  .     (no gloves)
rMut   .         Stasis   .     (no boots)
MR     .....                    (no amulet)
Stlth  +.........               (no ring)
                                (no ring)

@: lethally poisoned (-1 -> -9), not resistant to hostile enchantments, very
unstealthy
A: no striking features
a: no special abilities


You were on level 3 of the Dungeon.
You were hungry.

You visited 1 branch of the dungeon, and saw 4 of its levels.

You collected 32 gold pieces.

Inventory:

Hand weapons
 a - a +0 falchion (weapon)
Armour
 b - a +0 leather armour (worn)
 j - a +0 cloak (worn)
Scrolls
 e - 3 scrolls of identify
 h - a scroll of fog
 m - a scroll of remove curse
Books
 c - a book of Battle

   Spells                             Type                      Level
   a - Infusion                       Charms                       1
   b - Shroud of Golubria             Charms/Translocation         2
   c - Song of Slaying                Charms                       2
   d - Spectral Weapon                Hexes/Charms                 3
   e - Regeneration                   Charms/Necromancy            3
 q - a book of Clouds

   Spells                             Type                      Level
   a - Mephitic Cloud                 Conjuration/Poison/Air       3
   b - Conjure Flame                  Conjuration/Fire             3
   c - Poisonous Cloud                Conjuration/Poison/Air       6
   d - Freezing Cloud                 Conjuration/Ice/Air          6
   e - Ring of Flames                 Charms/Fire                  7
Comestibles
 d - 2 bread rations
 f - 3 fruits
 k - 4 chunks of flesh
 l - a slice of pizza
 o - a beef jerky


   Skills:
 + Level 2.3 Fighting
 * Level 3.5 Long Blades
 + Level 1.6 Armour
 * Level 2.1 Dodging
 + Level 2.6 Spellcasting
 + Level 4.1 Charms


You had 2 spell levels left.
You knew the following spells:

 Your Spells              Type           Power        Failure   Level  Hunger
a - Infusion              Chrm           ###...       6%          1    #......
c - Spectral Weapon       Hex/Chrm       #.......     34%         3    ###....
h - Shroud of Golubria    Chrm/Tloc      #.........   17%         2    ##.....


Dungeon Overview and Level Annotations

Branches:
Dungeon (4/15)
 Temple: D:4-7

Altars:
Elyvilon
Qazlal


Message History

It was a potion of poison.
That liquid tasted very nasty...
You are lethally poisoned!
* * * LOW HITPOINT WARNING * * *
You feel sick. The adder bites you but does no damage.
The adder bites you but does no damage.
You closely miss the adder.
The adder is severely wounded.
* * * LOW HITPOINT WARNING * * *
You feel sick. The adder misses you.
You closely miss the adder.
The adder is severely wounded.
* * * LOW HITPOINT WARNING * * *
You feel sick. The adder bites you but does no damage.
The adder closely misses you.
You hit the adder.
The adder is severely wounded.
* * * LOW HITPOINT WARNING * * *
You feel sick. The adder bites you.
You die... ▒∙∙∙ ∙∙∙∙ ▒∙∙∙ ∙∙∙∙ ▒∙∙∙ ▒▒∙∙ ∙∙∙∙ ▒▒▒ ▒▒ ∙∙ ▒▒ ▒▒ ▒ ▒∙ ▒▒∙▒▒▒ ▒∙ ▒∙∙▒∙▒▒ ∙ ▒∙⌠∙▒▒ ▒∙ ∙▒▒▒ ▒∙▒@▒▒ ∙∙ ∙∙∙▒ ∙∙∙∙gs∙▒∙▒S▒▒ g▒ ∙∙▒∙∙∙ ▒ ∙∙∙∙∙∙▒▒▒)⌠%▒▒ ∙▒ ▒∙ ∙∙∙ ▒ S∙∙∙∙∙ ▒∙▒)▒∙▒▒∙▒▒▒∙▒∙▒∙▒▒ ∙∙∙∙∙

▒∙▒∙▒∙▒∙▒∙∙▒ ∙∙∙▒∙∙▒
▒∙▒▒∙▒∙⌠∙▒▒▒∙⌠∙▒∙▒ ▒∙∙
▒∙∙ ▒
∙∙∙S▒∙▒∙▒∙▒∙▒(∙▒▒▒∙▒▒▒▒∙
▒▒∙∙▒▒▒▒∙▒▒▒▒∙∙∙∙∙∙∙∙∙∙▒
▒∙∙∙∙ ▒∙⌠ ▒▒∙∙▒▒▒▒∙∙∙▒∙∙
∙∙∙s∙∙∙▒▒∙▒▒∙∙∙▒ ▒∙∙▒∙▒∙∙
∙∙∙∙∙∙∙∙∙▒∙∙∙∙▒▒▒▒%▒▒∙∙∙∙
∙∙∙∙∙∙∙∙▒▒▒▒▒∙∙∙▒▒▒∙∙∙
∙∙∙∙∙∙∙∙▒▒▒▒▒∙▒▒▒ ▒∙∙∙
∙∙∙▒▒▒∙∙∙∙∙∙∙∙▒▒▒ ▒∙∙∙ ▒▒
▒▒∙∙∙∙∙∙∙∙∙▒ ▒∙∙∙
▒∙∙∙∙∙∙∙∙∙▒ ▒▒∙∙
▒∙∙∙∙∙∙∙∙∙▒ ▒▒∙∙


You could see an adder.

Vanquished Creatures
  A worker ant (D:4)
  An adder (D:3)
  An ooze (D:2)
  A ball python (D:2)
  3 giant cockroaches
  4 goblins
  8 hobgoblins
  3 jackals (D:2)
  A kobold (D:1)
  2 quokkas (D:3)
  2 bats (D:2)
  3 giant newts
  3 rats
33 creatures vanquished.

Notes
Turn   | Place    | Note
--------------------------------------------------------------
     0 | D:1      | Illaniel the High Elf Skald began the quest for the Orb.
     0 | D:1      | Reached XP level 1. HP: 14/14 MP: 4/4
    17 | D:1      | Reached skill level 1 in Armour
    85 | D:2      | Reached XP level 2. HP: 10/19 MP: 1/6
    89 | D:2      | Learned a level 2 spell: Shroud of Golubria
   157 | D:2      | Found a faded altar to an unknown god.
   578 | D:3      | Found a white marble altar of Elyvilon.
   641 | D:3      | Reached skill level 4 in Charms
   641 | D:3      | Reached XP level 3. HP: 24/24 MP: 2/7
   646 | D:3      | Learned a level 3 spell: Spectral Weapon
   659 | D:2      | Found a stormy altar of Qazlal.
   800 | D:3      | Reached XP level 4. HP: 16/29 MP: 0/8
   834 | D:3      | Slain by an adder

Vault maps used:
D:1:      mrwooster_arrival_statue_3
D:2:      grunt_qazlal_clouds, ecumenical_altar_2, uniq_crazy_yiuf_cottage
D:3:      kennysheep_the_goblin_king, old_standard_altar,
          grunt_decor_mini_mirrors, nemelex_spade_bored_becter, uniq_robin
D:4:      kennysheep_mini, lemuel_crystal_altar, gup_sewer_entry_bubbles,
          first_bread

Action                   |  1- 3 |  4- 6 || total
-------------------------+-------+-------++-------
Melee: Falchion          |    95 |    26 ||   121
 Cast: Infusion          |    16 |     1 ||    17
       Shroud of Golubri |     3 |       ||     3
       Spectral Weapon   |     2 |       ||     2
  Use: Scroll            |     2 |       ||     2
       Potion            |       |     5 ||     5
